 Dungeon Crawl Stone Soup version 0.28.0 (webtiles) character file.

Game seed: 4586561317865111218

101 meepyknight the Skirmisher (level 4, 0/29 HPs)
             Began as a Gargoyle Fighter on Feb 19, 2022.
             Slain by a killer bee (5 damage)
             ... on level 4 of the Dungeon.
             The game lasted 00:01:47 (1635 turns).

meepyknight the Skirmisher (Gargoyle Fighter)       Turns: 1635, Time: 00:01:48

Health: 0/29       AC: 14    Str: 22    XL:     4   Next: 75%
Magic:  4/4        EV:  7    Int:  8    God:
Gold:   101        SH:  4    Dex:  9    Spells: 3/3 levels left

rFire   . . .      SeeInvis .   a - +0 war axe
rCold   . . .      Faith    .   c - +0 buckler
rNeg    + . .      Spirit   .   f - +0 chain mail
rPois   ∞          Reflect  .   (no helmet)
rElec   +          Harm     .   (no cloak)
rCorr   .          Rampage  .   (no gloves)
Will    .....                   e - +0 pair of boots
Stlth   ..........              (no amulet)
HPRegen 0.09/turn               (no ring)
MPRegen 0.09/turn               (no ring)

@: mighty
A: sickness immunity, AC +3, negative energy resistance 1, electricity
resistance, torment resistance 1, petrification resistance
a: no special abilities


You were on level 4 of the Dungeon.
You visited 1 branch of the dungeon, and saw 3 of its levels.

You collected 101 gold pieces.

Inventory:

Hand Weapons
 a - a +0 war axe (weapon)
Armour
 c - a +0 buckler (worn)
 e - a +0 pair of boots (worn)
 f - a +0 chain mail (worn)
Scrolls
 b - 3 scrolls of identify
 g - a scroll of blinking
 h - 2 scrolls of teleportation {unknown}


   Skills:
 + Level 4.0 Fighting
 + Level 3.1 Axes
 + Level 3.9 Armour
 + Level 3.6 Shields


You had 3 spell levels left.
You didn't know any spells.
Your spell library was empty.

Dungeon Overview and Level Annotations

Branches:
Dungeon (2/15)

Altars:


Innate Abilities, Weirdness & Mutations

You are immune to sickness and miasma.
Your stone body is resilient. (AC +3)
You are immune to poison.
You resist negative energy. (rN+)
You are resistant to electric shocks. (rElec)
You are resistant to unholy torment.
You are immune to petrification.


Message History

Found 4 gold pieces.
The bullfrog gives a loud, deep croak!
The ufetubus shouts!
The endoplasm quivers.
A killer bee comes into view.
A hobgoblin comes into view. x2
The ufetubus moves out of view.
Found a cloak, 13 stones and a scroll labelled URUPYT GEPLI.
The killer bee buzzes angrily.
The hobgoblin shouts! x2
The ufetubus hits you.
The ufetubus hits you but does no damage.
There is an open door here.
There's a creature in the doorway!
You hit the endoplasm.
The endoplasm is severely wounded.
The endoplasm freezes you.
You are frozen.
You slash the endoplasm!
You kill the endoplasm!
The killer bee stings you but does no damage.
The killer bee stings you.
The killer bee stings you but does no damage.
The killer bee stings you. The killer bee stings you.
The killer bee stings you but does no damage.
The killer bee barely misses you.
You feel very mighty all of a sudden. The killer bee stings you.
* * * LOW HITPOINT WARNING * * *
The killer bee barely misses you.
You barely miss the killer bee. You block the killer bee's attack.
The killer bee stings you.
* * * LOW HITPOINT WARNING * * *
The killer bee barely misses you.
You closely miss the killer bee. The killer bee barely misses you.
The killer bee stings you but does no damage. x2
You hit the killer bee.
The killer bee is moderately wounded.
The killer bee stings you.
* * * LOW HITPOINT WARNING * * *
The killer bee stings you.
You die...

# #...# #.# #.
#...# #.# #..##
#.g.# .#.#
#...####...# . .#.#
#....##g##.... .#.#
#g..g5...# .#.##
#F######## .#..#
#y############.##.#
#.@.......†....##.#
#############.##..#
#.##.## #.##.#
#.#..# #...## #####


You could see a bullfrog, a killer bee and a hobgoblin.

Vanquished Creatures
  A bullfrog (D:4)
  An adder (D:4)
  A dart slug (D:1)
  A ball python (D:4)
  2 bats
  5 endoplasms
  A giant cockroach (D:1)
  3 goblins (D:1)
  3 hobgoblins
  4 kobolds (D:1)
  A quokka (D:1)
  A frilled lizard (D:1)
  A rat (D:1)
25 creatures vanquished.

Notes
Turn   | Place    | Note
-------+----------+-------------------------------------------
     0 | D:1      | meepyknight the Gargoyle Fighter began the quest for the
                  | Orb.
     0 | D:1      | Reached XP level 1. HP: 14/14 MP: 1/1
   177 | D:1      | Reached XP level 2. HP: 16/19 MP: 2/2
   813 | D:1      | Reached XP level 3. HP: 24/24 MP: 3/3
  1352 | D:2      | You fall into a shaft and drop 2 floors!
  1424 | D:4      | Noticed a bullfrog
  1434 | D:4      | Killed a bullfrog
  1435 | D:4      | Reached skill level 4 in Fighting
  1435 | D:4      | Reached XP level 4. HP: 13/29 MP: 4/4
  1622 | D:4      | Noticed a bullfrog
  1635 | D:4      | Slain by a killer bee

Illustrated notes

Levels and vault maps discovered:
D:1:      saegor_arrival_simple_e, layout_basic, serial_bayou_ford_a,
          chequers_serial_rivers_large_a, minmay_indecisive_spiral
D:2:      layout_basic
D:4:      gammafunk_wand_slinger, layout_basic, nicolae_overflow_hidden_temple,
          temple_green, minmay_divided_ellipse, uniq_menkaure

Skill      XL: |  1  2  3 |
---------------+----------+-----
Axes           | 2 3 |  3.1
Fighting       | 4 |  4.0
Armour         | |  3.9
Shields        | |  3.6

Action                   |  1- 3 |  4- 6 || total
-------------------------+-------+-------++-------
Melee: War axe           |    70 |     5 ||    75
  Use: Scroll            |     3 |       ||     3
       Potion            |       |     1 ||     1
Armor: Scale mail        |    16 |       ||    16
       Chain mail        |    24 |     6 ||    30
Dodge: Dodged            |    27 |     4 ||    31
Block: Buckler           |    13 |     1 ||    14
